 Dungeon Crawl Stone Soup version 0.24-a0-368-g0e0cebd0f3 (webtiles) character file.

Game seed: 5480571717408410603

10303 Avack the Carver (level 11, -20/83 HPs)
             Began as a Demonspawn Gladiator on May 29, 2019.
             Was an Elder of Nemelex Xobeh.
             Shot with an arrow by Nessos (28 damage)
             ... on level 12 of the Dungeon.
             The game lasted 00:38:27 (15130 turns).

Avack the Carver (Demonspawn Gladiator)            Turns: 15130, Time: 00:38:28

Health: -20/83     AC:  7    Str: 14    XL:     11   Next: 34%
Magic:  11/11      EV: 14    Int: 10    God:    Nemelex Xobeh [****..]
Gold:   497        SH:  0    Dex: 18    Spells: 10/10 levels left

rFire    + + .     SeeInvis .   a - +1 long sword
rCold    + . .     Gourm    +   (no shield)
rNeg     . . .     Faith    .   t - +1 scale mail
rPois    .         Spirit   .   (helmet restricted)
rElec    .         Reflect  .   D - scarf {rC+ rF+}
rCorr    .         Harm     .   (no gloves)
MR       +....                  (no boots)
Stlth    ..........             B - amulet of the gourmand
HPRegen  0.23/turn              i - ring of protection from fire
MPRegen  0.12/turn              v - ring of protection from magic

@: lethally poisoned (-20 -> -26), heavily drained
A: antennae 1, repulsion field 2, demonic guardian 1, foul stench 1, rot
immunity
a: Draw Escape, Draw Destruction, Draw Summoning, Triple Draw, Deal Four,
Renounce Religion


You were on level 12 of the Dungeon.
You worshipped Nemelex Xobeh.
Nemelex Xobeh was greatly pleased with you.
You were very full.

You visited 1 branch of the dungeon, and saw 11 of its levels.

You collected 497 gold pieces.

Inventory:

Hand Weapons
 a - a +1 long sword (weapon)
 H - a cursed +4 great sword
Missiles
 d - 2 throwing nets
 u - a boomerang of dispersal
 x - 2 curare-tipped darts
 z - 20 poisoned darts
 C - 5 boomerangs (quivered)
Armour
 t - a +1 scale mail (worn)
 D - a scarf of resistance (worn)
Jewellery
 i - a ring of protection from fire (left hand)
 v - a ring of protection from magic (right hand)
 y - an uncursed ring of ice
 B - an amulet of the gourmand (around neck)
Wands
 s - a wand of disintegration (47)
 F - a wand of acid (6)
Scrolls
 b - a scroll of enchant weapon
 e - 9 scrolls of teleportation
 g - 3 scrolls of magic mapping
 k - 2 scrolls of amnesia
 r - 10 scrolls of remove curse
 A - a scroll of identify
Potions
 c - a potion of brilliance
 h - a potion of might
 j - a potion of agility {unknown}
 l - a potion of lignification
 m - 2 potions of ambrosia
 n - a potion of resistance
 o - 3 potions of flight
 p - a potion of magic
 q - 7 potions of curing
 w - a potion of berserk rage
 G - a potion of mutation
Miscellaneous
 E - a box of beasts
Comestibles
 f - 18 rations


   Skills:
 + Level 6.6(3.6) Fighting
 - Level 14.0(10.4) Long Blades
 - Level 1.7(0.0) Throwing
 + Level 6.4(3.4) Dodging


You had 10 spell levels left.
You didn't know any spells.
Your spell library contained the following spells:

 Spells                   Type           Power        Failure   Level  Hunger
 Poisonous Vapours        Pois/Air       #.....       95%         2    ###....
 Conjure Flame            Conj/Fire      #.......     99%         3    ####...
 Mephitic Cloud           Conj/Pois/Air  #.......     99%         3    ####...
 Freezing Cloud           Conj/Ice/Air   #.........   100%        6    #######
 Ring of Flames           Chrm/Fire      #.........   100%        7    #######


Dungeon Overview and Level Annotations

Branches:
Dungeon (12/15)            Temple (0/1) D:4            Lair (0/6) D:11
    Orc: D:9-12

Altars:
Dithmenos
Makhleb
Nemelex Xobeh
Okawaru
Ru
Uskayaw
Xom
The Shining One

Shops:
D:4 %

Annotations:
D:10 exclusions: 3 electric eels and 3 more exclusions
D:12 Nessos


Innate Abilities, Weirdness & Mutations

You have a pair of small antennae on your head.
You are surrounded by a moderate repulsion field. (EV +3)
A weak demonic guardian rushes to your aid.
You may emit foul miasma when damaged in melee.
You are immune to rotting.


Message History

g - Guard the area. f - Follow me.
Anything else - Cancel.
Gang up on whom?
Press: ? - help, Dir - move target cursor, f - Nessos
Aim: Nessos, wielding a +2 longbow of flaming and wearing a +0 centaur barding (fast) Attack!
You feel sick.
Nessos shoots an arrow.
The arrow hits your raiju!! The arrow burns your raiju.
Your raiju dies!
Your raiju's corpse disappears in a puff of smoke!
A wight comes into view. It is wielding a +5 battleaxe.
Nessos shoots an arrow.
The arrow hits you!!
* * * LOW HITPOINT WARNING * * *
The arrow burns you.
* * * LOW HITPOINT WARNING * * *
Avack's illusion hits Nessos.
Okay, then.
You draw a card...
You have drawn the Shaft.
A shaft materialises beneath you!
The wight falls through a shaft!
Nessos shoots an arrow.
The arrow hits you!!
You die...
Your body glows slightly and disappears.

...# #........##
#..## ...#
#.........###○(# ...#
#..........#c@## ...#
#..........#§.# ...#
#..........(§## ...#
#.........§(.# ...##
#..........v.#
##..####............#
.....)).........@...#
....####)...........#
##..# ###..........##
#.## ###.........##
##.# ##.........#####
...# ###
###...........# ...#
##.#### ###......#.
..## #.....###
###...## ..#
#...<...### ##..##


You could see Nessos, a friendly fire vortex and the friendly Avack's illusion.

Vanquished Creatures
  An unseen horror (D:11)
  An orc knight (D:10)
  A queen bee (D:8)
  Prince Ribbit (D:8)
  A wyvern (D:10)
  3 basilisks (D:11)
  7 yaks
  3 porcupines (D:11)
  An ice beast (D:10)
  2 phantoms (D:10)
  5 sky beasts
  2 black bears (D:11)
  5 ogres
  A boggart (D:10)
  2 centaurs
  A wolf (D:11)
  A crocodile (D:11)
  A big kobold (D:7)
  6 bullfrogs
  A gnoll sergeant (D:10)
  A scorpion (D:9)
  16 wights
  17 killer bees
  3 howler monkeys
  2 crimson imps
  2 jellies
  A bullfrog skeleton (D:8)
  5 orc priests
  A hound (D:9)
  An iguana (D:5)
  9 orc wizards
  A hell rat (D:7)
  6 worker ants
  A hound skeleton (D:7)
  A worker ant zombie (D:10)
  10 adders
  4 gnolls (D:10)
  7 river rats (D:7)
  A shadow imp (D:6)
  2 oozes
  An adder zombie (D:5)
  An adder skeleton (D:8)
  5 dart slugs
  4 leopard geckos
  35 orcs
  8 bats
  5 giant cockroaches
  4 goblins (D:2)
  5 hobgoblins
  8 jackals
  10 kobolds
  12 quokkas
  2 ball pythons
  4 frilled lizards
  A quokka skeleton (D:9)
  A quokka zombie (D:10)
  18 rats
261 creatures vanquished.

Vanquished Creatures (collateral kills)
  2 ugly things (D:11)
  A yak (D:10)
  A porcupine (D:11)
  A water moccasin (D:7)
  2 sky beasts
  An orc warrior (D:6)
  A black bear (D:6)
  An ogre (D:4)
  A phantom (D:5)
  A wolf (D:11)
  A killer bee (D:8)
  2 wights
  2 howler monkeys
  A jelly (D:8)
  2 orc wizards
  2 worker ants (D:8)
  6 orcs
  A quokka (D:7)
29 creatures vanquished.

Vanquished Creatures (others)
  A hippogriff (D:7)
  7 yaks (D:11)
  An ogre (D:5)
  A wight (D:12)
  A worker ant (D:5)
  An orc wizard (D:5)
  A hell rat (D:7)
  A worker ant zombie (D:5)
  An adder (D:5)
  2 river rats (D:7)
  A quokka (D:7)
  2 rats (D:7)
  2 fungi (D:11)
  A plant (D:11)
23 creatures vanquished.

Grand Total: 313 creatures vanquished

Notes
Turn   | Place    | Note
-------+----------+-------------------------------------------
     0 | D:1      | Avack the Demonspawn Gladiator began the quest for the Orb.
     0 | D:1      | Reached XP level 1. HP: 16/16 MP: 1/1
   405 | D:1      | Reached skill level 3 in Long Blades
   419 | D:1      | Gained mutation: You are surrounded by a mild repulsion
                  | field. (EV +2) [demonic ancestry]
   419 | D:1      | Reached XP level 2. HP: 20/22 MP: 2/2
   685 | D:1      | Reached XP level 3. HP: 27/27 MP: 3/3
  1049 | D:2      | Found a sparkling altar of Nemelex Xobeh.
  1056 | D:2      | Became a worshipper of Nemelex Xobeh the Trickster
  1074 | D:2      | Received a gift from Nemelex Xobeh
  1113 | D:2      | Reached skill level 4 in Long Blades
  1380 | D:2      | Noticed an ogre
  1468 | D:2      | Noticed an insubstantial wisp
  1495 | D:2      | Killed an ogre
  1495 | D:2      | Reached skill level 5 in Long Blades
  1495 | D:2      | Gained mutation: A weak demonic guardian rushes to your
                  | aid. [demonic ancestry]
  1495 | D:2      | Reached XP level 4. HP: 13/33 MP: 4/4
  1705 | D:2      | Reached XP level 5. HP: 37/38 MP: 5/5
  1858 | D:2      | Found a shadowy altar of Dithmenos.
  1914 | D:2      | You fall into a shaft and drop 2 floors!
  2125 | D:4      | Found Destynt's Food Emporium.
  2215 | D:4      | Found an iron altar of Okawaru.
  2261 | D:4      | Found a staircase to the Ecumenical Temple.
  2275 | D:4      | Received a gift from Nemelex Xobeh
  2277 | D:4      | Reached * piety under Nemelex Xobeh
  2466 | D:4      | Reached skill level 6 in Long Blades
  2469 | D:4      | Noticed an ogre
  2481 | D:4      | Killed an ogre
  2481 | D:4      | Gained mutation: You are immune to rotting. [demonic
                  | ancestry]
  2481 | D:4      | Reached XP level 6. HP: 12/44 MP: 6/6
  2754 | D:5      | Entered Level 5 of the Dungeon
  2754 | D:5      | Noticed a sky beast
  3159 | D:5      | Reached skill level 7 in Long Blades
  3235 | D:5      | Gained mutation: You have a pair of small antennae on your
                  | head. [demonic ancestry]
  3235 | D:5      | Reached XP level 7. HP: 27/50 MP: 7/7
  3602 | D:5      | Found a sacrificial altar of Ru.
  3752 | D:5      | Reached skill level 8 in Long Blades
  4075 | D:6      | Found a hide-covered altar of Uskayaw.
  4318 | D:6      | Reached skill level 9 in Long Blades
  4318 | D:6      | Gained mutation: You may emit foul miasma when damaged in
                  | melee. [demonic ancestry]
  4318 | D:6      | Reached XP level 8. HP: 31/56 MP: 8/8
  4519 | D:6      | Reached ** piety under Nemelex Xobeh
  4525 | D:6      | Received a gift from Nemelex Xobeh
  4638 | D:6      | Identified a scroll of acquirement
  4672 | D:7      | Found a burning altar of Makhleb.
  5862 | D:7      | Noticed a hippogriff
  5871 | D:7      | Killed a hippogriff
  5871 | D:7      | Reached skill level 10 in Long Blades
  5923 | D:7      | HP: 2/56 [quokka (2)]
  6282 | D:8      | Noticed Prince Ribbit
  6332 | D:8      | Killed Prince Ribbit
  6332 | D:8      | Reached skill level 11 in Long Blades
  6339 | D:8      | Reached XP level 9. HP: 36/61 MP: 9/9
  6800 | D:8      | Noticed a queen bee
  6809 | D:8      | Killed a queen bee
  7104 | D:8      | Reached skill level 12 in Long Blades
  7556 | D:8      | Received a gift from Nemelex Xobeh
  7633 | D:8      | Found a shimmering altar of Xom.
  8419 | D:9      | Found a glowing golden altar of the Shining One.
  8765 | D:9      | Reached skill level 13 in Long Blades
  8868 | D:9      | Received a gift from Nemelex Xobeh
  8875 | D:9      | Gained mutation: You are surrounded by a moderate repulsion
                  | field. (EV +3) [demonic ancestry]
  8875 | D:9      | Reached XP level 10. HP: 66/67 MP: 10/10
  9022 | D:10     | Entered Level 10 of the Dungeon
  9022 | D:10     | Reached *** piety under Nemelex Xobeh
 10011 | D:10     | Noticed an orc knight
 10074 | D:10     | Killed an orc knight
 10442 | D:10     | Received a gift from Nemelex Xobeh
 11294 | D:10     | Reached skill level 14 in Long Blades
 11707 | D:11     | Noticed a green ugly thing
 11846 | D:11     | Received a gift from Nemelex Xobeh
 12171 | D:11     | Reached skill level 5 in Fighting
 12171 | D:11     | Reached skill level 5 in Dodging
 12259 | D:11     | Found a staircase to the Lair.
 12281 | D:11     | Killed a green ugly thing
 12281 | D:11     | Reached XP level 11. HP: 78/79 MP: 11/11
 12351 | D:11     | Reached **** piety under Nemelex Xobeh
 12980 | D:11     | Killed an unseen horror
 13341 | D:11     | Received a gift from Nemelex Xobeh
 14144 | D:11     | Noticed a green ugly thing
 14160 | D:11     | Killed a green ugly thing
 15116 | D:12     | Noticed Nessos
 15130 | D:12     | Shot with an arrow by Nessos

Levels and vault maps discovered:
D:1:      elethiomel_arrival_maze, layout_basic, serial_forest,
          infiniplex_forest_zigzag_1, infiniplex_forest_lined_1,
          infiniplex_forest_clump_curved, infiniplex_forest_clump_cross,
          infiniplex_forest_straight_2
D:2:      layout_rooms, lemuel_coloured_pillars_altar,
          hangedman_decor_diamond_cutter, nemelex_spade_bored_becter
D:4:      layout_loops_ring, okawaru_metal_pillars_1_2,
          minmay_temple_entry_antechambers, serial_shops, shop
D:5:      layout_loops_cross, nicolae_ru_path_of_blood, first_ration,
          nrook_mini_backslash
D:6:      layout_cave_pools, eat_drink_and_be_merry_uskayaw
D:7:      lemuel_ratsnest, layout_rooms, nicolae_overflow_crystal_walls
D:8:      layout_basic, lemuel_crystal_altar, david_nohive_1,
          minmay_misc_feat_doors, minmay_misc_feat_tiny, uniq_prince_ribbit1
D:9:      layout_basic, basic_altar
D:10:     layout_stronghold, erik_orc_2
D:11:     layout_layer_cave, minmay_lair_entry_grove
D:12:     layout_cave_pods, uniq_nessos

Skill      XL: |  1  2  3  4  5  6  7  8  9 10 11 |
---------------+----------------------------------+-----
Long Blades    | 3 5 6 7 9 11 13 14 | 14.0
Dodging        | 5 6 |  6.4
Fighting       | 5 6 |  6.6
Throwing       | |  1.7

Action                   |  1- 3 |  4- 6 |  7- 9 | 10-12 || total
-------------------------+-------+-------+-------+-------++-------
Melee: Long sword        |    81 |   114 |   493 |   421 ||  1109
Throw: Dart              |       |       |    19 |    32 ||    51
       Throwing net      |       |       |     4 |       ||     4
       Boomerang         |       |       |       |    26 ||    26
 Abil: Draw Summoning    |     2 |     1 |       |     7 ||    10
       Draw Destruction  |     1 |     5 |    14 |    16 ||    36
       Draw Escape       |     1 |       |     2 |     2 ||     5
  Use: Scroll            |     7 |     6 |     5 |     4 ||    22
       Potion            |       |       |     2 |     1 ||     3
 Stab: Distracted        |       |       |     1 |     3 ||     4
  Eat: Chunk             |     2 |     5 |    16 |    20 ||    43
       Ration            |       |       |     1 |     2 ||     3
Armor: Ring mail         |    26 |       |       |       ||    26
       Scale mail        |     5 |    53 |   134 |    67 ||   259
Dodge: Dodged            |    61 |    59 |   264 |   196 ||   580
       Rpst.: Long sword |    15 |    20 |    86 |    46 ||   167

Table legend:
 A = Non-vault XP
 B = Vault XP
 C = Vault XP percentage of total XP
 D = Non-vault monster count
 E = Vault monster count
 F = Vault count percentage of total count
                 A         B        C        D         E       F
            +---------+---------+-------+---------+---------+-------
      Total |   10756 |    3963 |  26.9 |     233 |      77 |  24.8
            +---------+---------+-------+---------+---------+-------
        D:1 |      42 |       0 |   0.0 |      20 |       0 |   0.0
        D:2 |     193 |       0 |   0.0 |      24 |       0 |   0.0
        D:4 |     183 |       0 |   0.0 |      12 |       0 |   0.0
        D:5 |     632 |       0 |   0.0 |      20 |       0 |   0.0
        D:6 |     485 |       0 |   0.0 |      22 |       0 |   0.0
        D:7 |     657 |     327 |  33.2 |      20 |      37 |  64.9
        D:8 |     696 |    1309 |  65.3 |      20 |      15 |  42.9
        D:9 |    1036 |       0 |   0.0 |      23 |       0 |   0.0
       D:10 |    1630 |     847 |  34.2 |      23 |      12 |  34.3
       D:11 |    4028 |    1480 |  26.9 |      34 |      13 |  27.7
       D:12 |    1174 |       0 |   0.0 |      15 |       0 |   0.0
            +---------+---------+-------+---------+---------+-------
